Mustangs vs Influenza (R2)

Created - December 7, 2017 at 19:05

Goals
1 2 3 T
Mustangs 2 2 1 5
Influenza 0 0 1 1
Shots
1 2 3 T
Mustangs 18 10 8 36
Influenza 6 10 11 27

1st period

1. Mustangs , Jerome Samson 7 (Brady Skjei 12, Justin Williams 4) at 6:14
2. Mustangs , Justin Williams 2 (Joshua Leivo 4, Andreas Athanasiou 2) at 16:40

Penalties :
Matt Corrente (VJB) for Tripping (Minor) at 2:32, Cameron Gaunce (Ham) for Elbowing (Minor) at 12:51

2nd period

3. Mustangs , Marcus Foligno 9 (Andrew Shaw 10) at 5:53
4. Mustangs , Marcus Foligno 10 (Jim O'Brien 7, Andrew Shaw 11) at 13:33 (PP)

Penalties :
Jim O'Brien (Ham) for Tripping (Minor) at 1:53, Josh Jooris (Ham) for Roughing (Minor) at 7:18, Lane MacDermid (VJB) for Goalie Interference (Minor) at 9:53, Teuvo Teravainen (VJB) for Tripping (Minor) at 12:56, T.J Galiardi (VJB) for Holding (Minor) at 16:46

3rd period

5. Mustangs , Andrew Shaw 13 (Marcus Foligno 19, Denis Bodrov 7) at 6:57
6. Influenza , Teuvo Teravainen 2 (Jeremy Morin 12) at 8:26

Penalties :
Marcus Foligno (Ham) for Slashing (Minor) at 9:11

Goalie Stats

Peter Mannino (Ham), 26 saves from 27 shots - (0.963), W, 9-8-3, 60:00 minutes
Thomas McCollum (VJB), 31 saves from 36 shots - (0.861), L, 11-7-2, 60:00 minutes

Players Stats for Mustangs

Player Name              G  A  P  +/- PIM S  H  SB GA TA FO     MP     PP MP  PK MP  
------------------------------------------------------------------------------------
Alexei Marchenko         0  0  0   0  0   0  4  1  0  0  0/0    21:19   1:47   3:38 
Andreas Athanasiou       0  1  1   1  0   0  2  0  2  0  2/4    13:06   0:20   2:03 
Andrew Shaw              1  2  3   2  0   2  0  0  1  2  0/1    14:50   2:49   0:00 
Brady Skjei              0  1  1   1  0   2  1  2  1  0  0/0    26:52   4:47   4:37 
Cameron Gaunce           0  0  0   1  2   5  2  4  2  0  0/0    26:15   4:47   3:32 
Curtis Hamilton          0  0  0   0  0   0  1  0  0  0  0/0     8:20   0:00   0:14 
Denis Bodrov             0  1  1   2  0   1  0  0  0  1  0/0    12:24   0:00   0:33 
Eric Wellwood            0  0  0   0  0   6  1  0  1  0  0/1    20:33   3:25   2:28 
Jerome Samson            1  0  1   0  0   1  0  2  0  0  1/1     8:12   0:23   0:00 
Jim O'Brien              0  1  1   2  2   3  0  0  0  0  4/6    16:33   2:49   1:35 
Josh Jooris              0  0  0   0  2   1  3  0  1  1  2/3    18:57   3:22   1:10 
Joshua Leivo             0  1  1   1  0   2  1  0  2  1  1/1    12:05   0:20   1:02 
Justin Williams          1  1  2   1  0   4  0  0  1  0  0/0    10:43   0:00   0:00 
Marcus Foligno           2  1  3   2  2   3  3  0  0  0  0/1    17:51   2:49   3:02 
Mark Pysyk               0  0  0   0  0   3  1  0  0  0  0/0    20:36   1:47   2:38 
Rick Schofield           0  0  0   0  0   0  2  0  0  0  0/2     8:06   0:00   0:00 
Riley Sheahan            0  0  0   0  0   3  0  0  0  1  20/36  22:40   3:25   4:18 
Scott Mayfield           0  0  0   2  0   0  0  0  0  0  0/0    12:38   0:00   0:54 

Players Stats for Influenza

Player Name              G  A  P  +/- PIM S  H  SB GA TA FO     MP     PP MP  PK MP  
------------------------------------------------------------------------------------
Alex Killorn             0  0  0  -1  0   6  3  1  0  1  0/1    20:14   4:02   1:55 
Beau Bennett             0  0  0  -1  0   0  2  0  2  1  0/0    13:09   3:35   0:00 
Ben Smith                0  0  0  -1  0   3  0  2  1  0  0/0    14:51   0:00   0:39 
Charlie Coyle            0  0  0   1  0   2  2  0  0  0  6/11   17:52   4:21   1:55 
Dmitry Sinitsyn          0  0  0  -2  0   0  1  0  0  1  0/0    17:38   3:07   1:06 
Iiro Pakarinen           0  0  0  -2  0   2  0  0  0  0  0/0     9:45   0:00   0:00 
Jeremy Morin             0  1  1   1  0   0  1  0  0  0  0/0    20:16   4:21   4:00 
Joe Morrow               0  0  0   0  0   0  0  0  0  0  0/0     0:34   0:00   0:00 
Jordan Schroeder         0  0  0  -2  0   1  1  1  0  0  2/5     9:53   0:06   0:00 
Lane MacDermid           0  0  0  -2  2   1  2  0  0  1  0/0    10:27   0:19   0:23 
Mark Olver               0  0  0  -1  0   2  2  3  0  1  0/2     9:27   0:00   0:00 
Mark Scheifele           0  0  0  -1  0   3  2  1  2  1  18/37  22:09   3:29   4:00 
Mathieu Carle            0  0  0  -1  0   4  1  1  1  1  0/0    27:24   4:49   3:28 
Matt Corrente            0  0  0  -2  2   0  1  1  0  0  0/0    22:50   4:49   2:15 
Morgan Rielly            0  0  0   0  0   0  1  0  0  0  0/0    19:07   3:07   3:13 
Oskars Bartulis          0  0  0   0  0   0  0  4  0  2  0/0    14:17   0:00   3:06 
Paul Ladue               0  0  0  -1  0   0  0  1  0  0  0/0    18:10   0:00   0:00 
T.J Galiardi             0  0  0  -1  2   1  1  0  0  1  0/0    13:31   3:35   0:00 
Teuvo Teravainen         1  0  1   1  2   2  2  1  0  1  0/0    11:48   0:00   0:16 

3 Stars

1 - Marcus Foligno (Ham)
2 - Andrew Shaw (Ham)
3 - Justin Williams (Ham)

Power Play

Mustangs - 1 on 4 Attempt(s) - 25.00%
Influenza - 0 on 4 Attempt(s) - 0.00%

Penalty Kill

Mustangs - 4 on 4 Attempt(s) - 100.00% - Score 0 goal in Penalty Kill
Influenza - 3 on 4 Attempt(s) - 75.00% - Score 0 goal in Penalty Kill

Team Stat

Mustangs - Hits : 21 - Faceoff Wins : 30 - Blocked Shots : 9 - Penalty Minutes : 8
Influenza - Hits : 22 - Faceoff Wins : 26 - Blocked Shots : 16 - Penalty Minutes : 8

Official

Referees : Sutherland Kelly and Marouelli Dan
Linesman : Mark Shewchyk and Lonnie Cameron

Game Notes

Jerome Samson is injured at 16:23 of 3rd period (Broken Right Foot Toe)
Dmitry Sinitsyn is injured at 17:36 of 3rd period (Left Foot)

Finance

Level 1 -- Attendance: 1330 (66.50%) -- Ticket Income $53,200
Level 2 -- Attendance: 667 (66.70%) -- Ticket Income $13,340
Total Attendance: 1997 (66.57%)
Total Ticket Income: $66,540
Other Income: $3,327
Total Income: $69,867

Mustangs

5 vs 5 Forward 
   Center                   Left Wing                Right Wing               Time % Phy DF OF 
 1 Riley Sheahan            Eric Wellwood            Josh Jooris              40     1   2  2  
 2 Jim O'Brien              Marcus Foligno           Andrew Shaw              30     1   2  2  
 3 Andreas Athanasiou       Joshua Leivo             Justin Williams          20     1   2  2  
 4 Rick Schofield           Curtis Hamilton          Jerome Samson            10     1   2  2  

5 vs 5 Defense 
   Defense                  Defense                                           Time % Phy DF OF 
 1 Cameron Gaunce           Brady Skjei                                       44     1   2  2  
 2 Alexei Marchenko         Mark Pysyk                                        33     1   2  2  
 3 Denis Bodrov             Scott Mayfield                                    23     1   2  2  
 4 Cameron Gaunce           Brady Skjei                                       0      1   2  2  

PowerPlay Forward 
   Center                   Left Wing                Right Wing               Time % Phy DF OF 
 1 Riley Sheahan            Eric Wellwood            Josh Jooris              60     1   2  2  
 2 Jim O'Brien              Marcus Foligno           Andrew Shaw              40     1   2  2  

PowerPlay Defense
   Defense                  Defense                                           Time % Phy DF OF 
 1 Cameron Gaunce           Brady Skjei                                       60     1   2  2  
 2 Alexei Marchenko         Mark Pysyk                                        40     1   2  2  

Penalty Kill 4 Players Forward 
   Center                   Wing                     Time % Phy DF OF 
 1 Riley Sheahan            Marcus Foligno           60     1   2  2  
 2 Jim O'Brien              Josh Jooris              40     1   2  2  

Penalty Kill 4 Players Defense
   Defense                  Defense                  Time % Phy DF OF 
 1 Cameron Gaunce           Brady Skjei              60     1   2  2  
 2 Alexei Marchenko         Mark Pysyk               40     1   2  2  

Penalty Kill - 3 Players Forward 
   Forward                                           Time % Phy DF OF 
 1 Riley Sheahan                                     60     1   2  2  
 2 Jim O'Brien                                       40     1   2  2  

Penalty Kill - 3 Players Defense
   Defense                  Defense                  Time % Phy DF OF 
 1 Cameron Gaunce           Brady Skjei              60     1   2  2  
 2 Alexei Marchenko         Mark Pysyk               40     1   2  2  

4 vs 4 Forward 
   Center                   Wing                     Time % Phy DF OF 
 1 Riley Sheahan            Marcus Foligno           60     1   2  2  
 2 Jim O'Brien              Josh Jooris              40     1   2  2  

4 vs 4 Defense
   Defense                  Defense                  Time % Phy DF OF 
 1 Cameron Gaunce           Brady Skjei              60     1   2  2  
 2 Alexei Marchenko         Mark Pysyk               40     1   2  2  

Last Minutes Offensive
   Center                   Left Wing                Right Wing               Defense                  Defense                  
   Riley Sheahan            Marcus Foligno           Josh Jooris              Cameron Gaunce           Brady Skjei              

Last Minutes Defensive
   Center                   Left Wing                Right Wing               Defense                  Defense                  
   Riley Sheahan            Marcus Foligno           Josh Jooris              Cameron Gaunce           Brady Skjei              

Goaltenders
Starting : Peter Mannino            
Backup : Chet Pickard             

Extra Forwards
Normal : Riley Sheahan, Andrew Shaw, Justin Williams - PP : Riley Sheahan, Andrew Shaw - PK : Marcus Foligno
Extra Defensemen
Normal : Cameron Gaunce, Alexei Marchenko, Denis Bodrov - PP : Cameron Gaunce - PK : Alexei Marchenko, Denis Bodrov
Penalty Shots
Andreas Athanasiou, Rick Schofield, Andrew Shaw, Marcus Foligno, Josh Jooris

Scratches
Roman Horak (Healthy), Jerome Samson (Broken Right Foot Toe Injury), Dominik Uher (Healthy), Joe Finley (Healthy), Eric Knodel (Healthy)
Matthew Finn (Healthy), Danny Biega (Healthy), Raphael Bussieres (Healthy), Sam Kurker (Healthy), Max Gortz (Healthy)
Riley Nash (Healthy), Francis Paré (Healthy), Justin Peters (Healthy), Joacim Eriksson (Healthy)

Influenza

5 vs 5 Forward 
   Center                   Left Wing                Right Wing               Time % Phy DF OF 
 1 Mark Scheifele           Alex Killorn             Ben Smith                40     1   2  2  
 2 Charlie Coyle            Teuvo Teravainen         Jeremy Morin             30     1   2  2  
 3 Mark Olver               T.J Galiardi             Beau Bennett             20     1   2  2  
 4 Jordan Schroeder         Lane MacDermid           Iiro Pakarinen           10     1   2  2  

5 vs 5 Defense 
   Defense                  Defense                                           Time % Phy DF OF 
 1 Mathieu Carle            Paul Ladue                                        40     1   2  2  
 2 Dmitry Sinitsyn          Matt Corrente                                     30     1   2  2  
 3 Morgan Rielly            Oskars Bartulis                                   20     1   2  2  
 4 Mathieu Carle            Matt Corrente                                     10     1   2  2  

PowerPlay Forward 
   Center                   Left Wing                Right Wing               Time % Phy DF OF 
 1 Charlie Coyle            Alex Killorn             Jeremy Morin             60     1   2  2  
 2 Mark Scheifele           T.J Galiardi             Beau Bennett             40     1   2  2  

PowerPlay Defense
   Defense                  Defense                                           Time % Phy DF OF 
 1 Mathieu Carle            Matt Corrente                                     60     1   2  2  
 2 Dmitry Sinitsyn          Morgan Rielly                                     40     1   2  2  

Penalty Kill 4 Players Forward 
   Center                   Wing                     Time % Phy DF OF 
 1 Mark Scheifele           Jeremy Morin             60     1   2  2  
 2 Charlie Coyle            Alex Killorn             40     1   2  2  

Penalty Kill 4 Players Defense
   Defense                  Defense                  Time % Phy DF OF 
 1 Mathieu Carle            Matt Corrente            60     1   2  2  
 2 Oskars Bartulis          Morgan Rielly            40     1   2  2  

Penalty Kill - 3 Players Forward 
   Forward                                           Time % Phy DF OF 
 1 Mark Scheifele                                    60     1   2  2  
 2 Charlie Coyle                                     40     1   2  2  

Penalty Kill - 3 Players Defense
   Defense                  Defense                  Time % Phy DF OF 
 1 Mathieu Carle            Matt Corrente            60     1   2  2  
 2 Oskars Bartulis          Morgan Rielly            40     1   2  2  

4 vs 4 Forward 
   Center                   Wing                     Time % Phy DF OF 
 1 Mark Scheifele           Ben Smith                60     1   2  2  
 2 Charlie Coyle            Alex Killorn             40     1   2  2  

4 vs 4 Defense
   Defense                  Defense                  Time % Phy DF OF 
 1 Mathieu Carle            Matt Corrente            60     1   2  2  
 2 Oskars Bartulis          Morgan Rielly            40     1   2  2  

Last Minutes Offensive
   Center                   Left Wing                Right Wing               Defense                  Defense                  
   Mark Scheifele           Alex Killorn             Jeremy Morin             Mathieu Carle            Matt Corrente            

Last Minutes Defensive
   Center                   Left Wing                Right Wing               Defense                  Defense                  
   Charlie Coyle            Alex Killorn             Jeremy Morin             Mathieu Carle            Matt Corrente            

Goaltenders
Starting : Thomas McCollum          
Backup : Tyson Sexsmith           

Extra Forwards
Normal : Mark Scheifele, Beau Bennett, Alex Killorn - PP : Mark Scheifele, Beau Bennett - PK : Ben Smith
Extra Defensemen
Normal : Morgan Rielly, Dmitry Sinitsyn, Matt Corrente - PP : Morgan Rielly - PK : Dmitry Sinitsyn, Matt Corrente
Penalty Shots
Mark Scheifele, Jeremy Morin, T.J Galiardi, Charlie Coyle, Mark Olver

Scratches
Jacob Josefson (Healthy), Jamie Devane (Healthy), Freddie Hamilton (Healthy), Jeff May (Healthy), Johan Larsson (Healthy)
Fredric Larsson (Healthy), Tim Erixon (Healthy), Tom Kuhnhackl (Healthy), Ryan Sproul (Healthy), Josh Andrerson (Healthy)
Dmitry Sinitsyn (Left Foot Injury), Jesse Graham (Healthy), Colton Sceviour (Healthy), Nikita Gusev (Healthy), Jamie Phillips (Healthy)

% Time on Ice - Mustangs

Lines # - Real PCT - Wanted PCT - Time Play
Normal Forward
1 - 33% - 40% - 15:06
2 - 25% - 30% - 11:35
3 - 24% - 20% - 10:43
4 - 18% - 10% - 8:06
Normal Defense
1 - 39% - 44% - 17:40
2 - 36% - 33% - 16:11
3 - 26% - 23% - 11:39
4 - 0% - 0% - 0:00
PP Forward
1 - 57% - 60% - 3:45
2 - 43% - 40% - 2:49
PP Defense
1 - 73% - 60% - 4:47
2 - 27% - 40% - 1:47
PK Forward
1 - 76% - 60% - 6:01
2 - 24% - 40% - 1:55
PK Defense
1 - 67% - 60% - 5:18
2 - 33% - 40% - 2:38
PK3 Forward
1 - 0% - 60%
2 - 0% - 40%
PK3 Defense
1 - 0% - 60%
2 - 0% - 40%
44 Forward
1 - 0% - 60%
2 - 0% - 40%
44 Defense
1 - 0% - 60%
2 - 0% - 40%
Last Minute Offensive  - 0:00
Last Minute Defensive  - 0:00
Total
Forward - 60:00
Defense - 60:00

% Time on Ice - Influenza

Lines # - Real PCT - Wanted PCT - Time Play
Normal Forward
1 - 32% - 40% - 14:36
2 - 26% - 30% - 11:42
3 - 21% - 20% - 9:27
4 - 21% - 10% - 9:45
Normal Defense
1 - 41% - 40% - 18:40
2 - 33% - 30% - 15:06
3 - 24% - 20% - 10:43
4 - 2% - 10% - 1:01
PP Forward
1 - 55% - 60% - 4:21
2 - 45% - 40% - 3:35
PP Defense
1 - 61% - 60% - 4:49
2 - 39% - 40% - 3:07
PK Forward
1 - 71% - 60% - 4:39
2 - 29% - 40% - 1:55
PK Defense
1 - 53% - 60% - 3:28
2 - 47% - 40% - 3:06
PK3 Forward
1 - 0% - 60%
2 - 0% - 40%
PK3 Defense
1 - 0% - 60%
2 - 0% - 40%
44 Forward
1 - 0% - 60%
2 - 0% - 40%
44 Defense
1 - 0% - 60%
2 - 0% - 40%
Last Minute Offensive  - 0:00
Last Minute Defensive  - 0:00
Total
Forward - 60:00
Defense - 60:00

Play by Play

1st period


0:01 of 1st period - Riley Sheahan wins face-off versus Mark Scheifele in neutral zone.
0:06 of 1st period - Slapshot by Eric Wellwood.
0:06 of 1st period - Stopped by Thomas McCollum with a rebound.
0:08 of 1st period - Wrist shot by Eric Wellwood.
0:08 of 1st period - Shot Misses the Net.
0:10 of 1st period - Wrist shot by Eric Wellwood.
0:10 of 1st period - Stopped by Thomas McCollum without a rebound.
0:11 of 1st period - Jim O'Brien wins face-off versus Charlie Coyle in Influenza zone.
0:26 of 1st period - Mark Pysyk is hit by Teuvo Teravainen.
0:38 of 1st period - Mark Pysyk is hit by Beau Bennett and loses puck.
1:25 of 1st period - Backhand shot by Iiro Pakarinen.
1:25 of 1st period - Shot Misses the Net.
1:27 of 1st period - Wrist shot by Oskars Bartulis.
1:27 of 1st period - Deflect By Jordan Schroeder.
1:27 of 1st period - Shot Misses the Net.
1:27 of 1st period - Puck is out of play.
1:28 of 1st period - Charlie Coyle wins face-off versus Andrew Shaw in Mustangs zone.
1:53 of 1st period - Alex Killorn is hit by Josh Jooris and loses puck.
2:00 of 1st period - Slapshot by Riley Sheahan.
2:00 of 1st period - Shot Blocked by Mark Scheifele.
2:32 of 1st period - Minor Penalty to Matt Corrente for Tripping.
2:33 of 1st period - Riley Sheahan wins face-off versus Mark Scheifele in Influenza zone.
2:44 of 1st period - Slapshot by Riley Sheahan.
2:44 of 1st period - Stopped by Thomas McCollum without a rebound.
2:45 of 1st period - Mark Scheifele wins face-off versus Josh Jooris in Influenza zone.
3:05 of 1st period - Icing by Riley Sheahan.
3:06 of 1st period - Charlie Coyle wins face-off versus Riley Sheahan in Mustangs zone.
3:07 of 1st period - Wrist shot by Alex Killorn.
3:07 of 1st period - Deflect By Charlie Coyle.
3:07 of 1st period - Stopped by Peter Mannino without a rebound.
3:08 of 1st period - Riley Sheahan wins face-off versus Charlie Coyle in Mustangs zone.
3:50 of 1st period - Andrew Shaw is hit by Jeremy Morin.
4:32 of 1st period - Penalty to Matt Corrente is over, Matt Corrente is back on ice.
4:45 of 1st period - Andreas Athanasiou is hit by T.J Galiardi.
6:10 of 1st period - Snap shot by Justin Williams.
6:10 of 1st period - Shot Misses the Net.
6:12 of 1st period - Slapshot by Brady Skjei.
6:12 of 1st period - Shot Blocked by Mark Olver.
6:14 of 1st period - Wrist shot by Jerome Samson.
6:14 of 1st period - Goal by Jerome Samson - Mustangs : 1 - Influenza : 0.
6:15 of 1st period - Mark Scheifele wins face-off versus Riley Sheahan in neutral zone.
6:20 of 1st period - Wrist shot by Ben Smith.
6:20 of 1st period - Shot Misses the Net.
7:29 of 1st period - Wrist shot by Mark Scheifele.
7:29 of 1st period - Stopped by Peter Mannino with a rebound.
7:53 of 1st period - Slapshot by Justin Williams.
7:53 of 1st period - Shot Blocked by Oskars Bartulis.
7:59 of 1st period - Slapshot by Justin Williams.
7:59 of 1st period - Deflect By Joshua Leivo.
7:59 of 1st period - Stopped by Thomas McCollum with a rebound.
8:01 of 1st period - Slapshot by Alexei Marchenko.
8:01 of 1st period - Shot Blocked by Oskars Bartulis.
8:05 of 1st period - Slapshot by Justin Williams.
8:05 of 1st period - Stopped by Thomas McCollum without a rebound.
8:06 of 1st period - Mark Scheifele wins face-off versus Riley Sheahan in Influenza zone.
8:33 of 1st period - Brady Skjei is hit by Teuvo Teravainen and loses puck.
8:52 of 1st period - Scott Mayfield is hit by Lane MacDermid and loses puck.
9:38 of 1st period - Wrist shot by Jim O'Brien.
9:38 of 1st period - Stopped by Thomas McCollum with a rebound.
11:02 of 1st period - Wrist shot by Ben Smith.
11:02 of 1st period - Shot Blocked by Cameron Gaunce.
11:12 of 1st period - Oskars Bartulis is hit by Cameron Gaunce.
11:51 of 1st period - Beau Bennett is hit by Rick Schofield and loses puck.
11:58 of 1st period - Slapshot by T.J Galiardi.
11:58 of 1st period - Shot Blocked by Alexei Marchenko.
12:22 of 1st period - Slapshot by Justin Williams.
12:22 of 1st period - Shot Blocked by Ben Smith.
12:38 of 1st period - Snap shot by Mark Scheifele.
12:38 of 1st period - Shot Misses the Net.
12:40 of 1st period - Slapshot by Mathieu Carle.
12:40 of 1st period - Stopped by Peter Mannino with a rebound.
12:42 of 1st period - Wrist shot by Mark Scheifele.
12:42 of 1st period - Shot Misses the Net.
12:51 of 1st period - Minor Penalty to Cameron Gaunce for Elbowing.
12:52 of 1st period - Riley Sheahan wins face-off versus Charlie Coyle in Mustangs zone.
13:10 of 1st period - Mark Scheifele is hit by Marcus Foligno.
14:06 of 1st period - Eric Wellwood is hit by Mark Scheifele.
14:10 of 1st period - Mark Scheifele is hit by Andreas Athanasiou.
14:24 of 1st period - Matt Corrente is hit by Alexei Marchenko and loses puck.
14:51 of 1st period - Penalty to Cameron Gaunce is over, Cameron Gaunce is back on ice.
15:01 of 1st period - Mathieu Carle is hit by Curtis Hamilton and loses puck.
15:08 of 1st period - Slapshot by Jerome Samson.
15:08 of 1st period - Shot Misses the Net.
15:10 of 1st period - Snap shot by Cameron Gaunce.
15:10 of 1st period - Shot Blocked by Mathieu Carle.
15:12 of 1st period - Slapshot by Cameron Gaunce.
15:12 of 1st period - Stopped by Thomas McCollum without a rebound.
15:13 of 1st period - Joshua Leivo wins face-off versus Mark Olver in Influenza zone.
15:18 of 1st period - Backhand shot by Cameron Gaunce.
15:18 of 1st period - Stopped by Thomas McCollum with a rebound.
15:20 of 1st period - Wrist shot by Joshua Leivo.
15:20 of 1st period - Shot Blocked by Mark Olver.
15:22 of 1st period - Slapshot by Cameron Gaunce.
15:22 of 1st period - Shot Blocked by Mark Olver.
15:24 of 1st period - Slapshot by Cameron Gaunce.
15:24 of 1st period - Deflect By Justin Williams.
15:24 of 1st period - Shot Blocked by Oskars Bartulis.
15:24 of 1st period - Puck is out of play.
15:25 of 1st period - Riley Sheahan wins face-off versus Mark Scheifele in Influenza zone.
15:26 of 1st period - Snap shot by Josh Jooris.
15:26 of 1st period - Stopped by Thomas McCollum without a rebound.
15:27 of 1st period - Riley Sheahan wins face-off versus Mark Scheifele in Influenza zone.
15:30 of 1st period - Wrist shot by Riley Sheahan.
15:30 of 1st period - Shot Blocked by Ben Smith.
15:32 of 1st period - Slapshot by Cameron Gaunce.
15:32 of 1st period - Stopped by Thomas McCollum without a rebound.
15:33 of 1st period - Mark Scheifele wins face-off versus Riley Sheahan in Influenza zone.
15:33 of 1st period - Mark Scheifele is hit by Josh Jooris.
15:41 of 1st period - Brady Skjei is hit by Alex Killorn and loses puck.
15:58 of 1st period - Slapshot by Jim O'Brien.
15:58 of 1st period - Shot Misses the Net.
16:23 of 1st period - Wrist shot by Justin Williams.
16:23 of 1st period - Stopped by Thomas McCollum without a rebound.
16:24 of 1st period - Mark Scheifele wins face-off versus Andreas Athanasiou in Influenza zone.
16:29 of 1st period - Alexei Marchenko is hit by Mathieu Carle and loses puck.
16:40 of 1st period - Slapshot by Justin Williams.
16:40 of 1st period - Goal by Justin Williams - Mustangs : 2 - Influenza : 0.
16:41 of 1st period - Riley Sheahan wins face-off versus Mark Scheifele in neutral zone.
16:54 of 1st period - Snap shot by Eric Wellwood.
16:54 of 1st period - Stopped by Thomas McCollum with a rebound.
16:56 of 1st period - Snap shot by Riley Sheahan.
16:56 of 1st period - Stopped by Thomas McCollum with a rebound.
17:14 of 1st period - Wrist shot by Jeremy Morin.
17:14 of 1st period - Shot Misses the Net.
17:16 of 1st period - Slapshot by Mathieu Carle.
17:16 of 1st period - Stopped by Peter Mannino without a rebound.
17:17 of 1st period - Mark Scheifele wins face-off versus Riley Sheahan in Mustangs zone.
17:22 of 1st period - Slapshot by Alex Killorn.
17:22 of 1st period - Stopped by Peter Mannino with a rebound.
17:24 of 1st period - Snap shot by Alex Killorn.
17:24 of 1st period - Shot Blocked by Brady Skjei.
17:26 of 1st period - Slapshot by Alex Killorn.
17:26 of 1st period - Stopped by Peter Mannino with a rebound.
17:39 of 1st period - Icing by Cameron Gaunce.
17:40 of 1st period - Josh Jooris wins face-off versus Charlie Coyle in Mustangs zone.
17:55 of 1st period - Snap shot by Andrew Shaw.
17:55 of 1st period - Deflect By Jim O'Brien.
17:55 of 1st period - Stopped by Thomas McCollum without a rebound.
17:56 of 1st period - Riley Sheahan wins face-off versus Mark Scheifele in Influenza zone.
17:57 of 1st period - Snap shot by Eric Wellwood.
17:57 of 1st period - Shot Misses the Net.
17:59 of 1st period - Wrist shot by Eric Wellwood.
17:59 of 1st period - Shot Misses the Net.
18:11 of 1st period - Slapshot by Eric Wellwood.
18:11 of 1st period - Shot Misses the Net.
19:11 of 1st period - Wrist shot by Eric Wellwood.
19:11 of 1st period - Stopped by Thomas McCollum without a rebound.
19:12 of 1st period - Jim O'Brien wins face-off versus Mark Scheifele in Influenza zone.
19:17 of 1st period - Wrist shot by Marcus Foligno.
19:17 of 1st period - Deflect By Ben Smith.
19:17 of 1st period - Stopped by Thomas McCollum with a rebound.
19:27 of 1st period - Alexei Marchenko is hit by Alex Killorn and loses puck.
19:48 of 1st period - Slapshot by Eric Wellwood.
19:48 of 1st period - Shot Blocked by Oskars Bartulis.
Goals for this period are 2 for Mustangs vs 0 for Influenza.
Shots for this period are 18 for Mustangs vs 6 for Influenza.

2nd period


0:01 of 2nd period - Mark Scheifele wins face-off versus Riley Sheahan in neutral zone.
1:04 of 2nd period - Wrist shot by Mathieu Carle.
1:04 of 2nd period - Stopped by Peter Mannino without a rebound.
1:05 of 2nd period - Jerome Samson wins face-off versus Jordan Schroeder in Mustangs zone.
1:31 of 2nd period - Off-side.
1:32 of 2nd period - Jim O'Brien wins face-off versus Mark Scheifele in neutral zone.
1:39 of 2nd period - Wrist shot by Mark Scheifele.
1:39 of 2nd period - Shot Misses the Net.
1:53 of 2nd period - Minor Penalty to Jim O'Brien for Tripping.
1:54 of 2nd period - Charlie Coyle wins face-off versus Riley Sheahan in Mustangs zone.
1:57 of 2nd period - Slapshot by Alex Killorn.
1:57 of 2nd period - Deflect By Marcus Foligno.
1:57 of 2nd period - Stopped by Peter Mannino without a rebound.
1:58 of 2nd period - Riley Sheahan wins face-off versus Charlie Coyle in Mustangs zone.
2:26 of 2nd period - Icing by Mark Scheifele.
2:27 of 2nd period - Mark Scheifele wins face-off versus Riley Sheahan in Influenza zone.
2:54 of 2nd period - Alexei Marchenko is hit by Charlie Coyle and loses puck.
3:11 of 2nd period - Snap shot by Charlie Coyle.
3:11 of 2nd period - Stopped by Peter Mannino with a rebound.
3:17 of 2nd period - Snap shot by Mark Scheifele.
3:17 of 2nd period - Stopped by Peter Mannino with a rebound.
3:53 of 2nd period - Penalty to Jim O'Brien is over, Jim O'Brien is back on ice.
4:01 of 2nd period - Snap shot by Iiro Pakarinen.
4:01 of 2nd period - Stopped by Peter Mannino without a rebound.
4:02 of 2nd period - Jordan Schroeder wins face-off versus Rick Schofield in Mustangs zone.
4:27 of 2nd period - Marcus Foligno is hit by Morgan Rielly and loses puck.
5:48 of 2nd period - Jordan Schroeder is hit by Mark Pysyk and loses puck.
5:53 of 2nd period - Snap shot by Marcus Foligno.
5:53 of 2nd period - Goal by Marcus Foligno - Mustangs : 3 - Influenza : 0.
5:54 of 2nd period - Mark Scheifele wins face-off versus Riley Sheahan in neutral zone.
6:43 of 2nd period - Dmitry Sinitsyn is hit by Alexei Marchenko and loses puck.
7:18 of 2nd period - Minor Penalty to Josh Jooris for Roughing.
7:19 of 2nd period - Charlie Coyle wins face-off versus Riley Sheahan in Mustangs zone.
7:44 of 2nd period - Marcus Foligno is hit by Mark Scheifele and loses puck.
7:53 of 2nd period - Slapshot by Mark Scheifele.
7:53 of 2nd period - Stopped by Peter Mannino with a rebound.
9:18 of 2nd period - Penalty to Josh Jooris is over, Josh Jooris is back on ice.
9:24 of 2nd period - Rick Schofield is hit by Dmitry Sinitsyn.
9:30 of 2nd period - Slapshot by Mark Pysyk.
9:30 of 2nd period - Stopped by Thomas McCollum without a rebound.
9:31 of 2nd period - Jordan Schroeder wins face-off versus Andreas Athanasiou in Influenza zone.
9:31 of 2nd period - Jordan Schroeder is hit by Andreas Athanasiou.
9:53 of 2nd period - Minor Penalty to Lane MacDermid for Goalie Interference.
9:54 of 2nd period - Riley Sheahan wins face-off versus Mark Scheifele in Influenza zone.
9:55 of 2nd period - Snap shot by Brady Skjei.
9:55 of 2nd period - Shot Misses the Net.
9:57 of 2nd period - Snap shot by Josh Jooris.
9:57 of 2nd period - Shot Misses the Net.
9:59 of 2nd period - Slapshot by Cameron Gaunce.
9:59 of 2nd period - Deflect By Riley Sheahan.
9:59 of 2nd period - Stopped by Thomas McCollum with a rebound.
10:45 of 2nd period - Slapshot by Brady Skjei.
10:45 of 2nd period - Stopped by Thomas McCollum without a rebound.
10:46 of 2nd period - Mark Scheifele wins face-off versus Riley Sheahan in Influenza zone.
10:57 of 2nd period - Slapshot by Mark Pysyk.
10:57 of 2nd period - Stopped by Thomas McCollum with a rebound.
11:32 of 2nd period - Ben Smith is hit by Brady Skjei and loses puck.
11:53 of 2nd period - Penalty to Lane MacDermid is over, Lane MacDermid is back on ice.
12:56 of 2nd period - Minor Penalty to Teuvo Teravainen for Tripping.
12:57 of 2nd period - Riley Sheahan wins face-off versus Mark Scheifele in Influenza zone.
13:00 of 2nd period - Slapshot by Riley Sheahan.
13:00 of 2nd period - Shot Misses the Net.
13:29 of 2nd period - Snap shot by Andrew Shaw.
13:29 of 2nd period - Stopped by Thomas McCollum with a rebound.
13:31 of 2nd period - Snap shot by Jim O'Brien.
13:31 of 2nd period - Stopped by Thomas McCollum with a rebound.
13:33 of 2nd period - Slapshot by Marcus Foligno.
13:33 of 2nd period - Goal by Marcus Foligno - Mustangs : 4 - Influenza : 0.
13:34 of 2nd period - Mark Scheifele wins face-off versus Riley Sheahan in neutral zone.
13:41 of 2nd period - Snap shot by Eric Wellwood.
13:41 of 2nd period - Stopped by Thomas McCollum without a rebound.
13:42 of 2nd period - Mark Scheifele wins face-off versus Riley Sheahan in Influenza zone.
13:50 of 2nd period - Wrist shot by Alex Killorn.
13:50 of 2nd period - Stopped by Peter Mannino without a rebound.
13:51 of 2nd period - Mark Scheifele wins face-off versus Riley Sheahan in Mustangs zone.
13:54 of 2nd period - Snap shot by Ben Smith.
13:54 of 2nd period - Shot Hit the Post.
14:25 of 2nd period - Snap shot by Teuvo Teravainen.
14:25 of 2nd period - Shot Blocked by Cameron Gaunce.
14:27 of 2nd period - Snap shot by Charlie Coyle.
14:27 of 2nd period - Shot Misses the Net.
14:29 of 2nd period - Slapshot by Paul Ladue.
14:29 of 2nd period - Shot Hit the Post.
14:39 of 2nd period - Wrist shot by Lane MacDermid.
14:39 of 2nd period - Stopped by Peter Mannino with a rebound.
14:41 of 2nd period - Wrist shot by Jordan Schroeder.
14:41 of 2nd period - Stopped by Peter Mannino with a rebound.
14:43 of 2nd period - Slapshot by Matt Corrente.
14:43 of 2nd period - Shot Blocked by Brady Skjei.
14:45 of 2nd period - Wrist shot by Iiro Pakarinen.
14:45 of 2nd period - Stopped by Peter Mannino without a rebound.
14:46 of 2nd period - Riley Sheahan wins face-off versus Jordan Schroeder in Mustangs zone.
14:46 of 2nd period - Riley Sheahan is hit by Matt Corrente.
16:03 of 2nd period - Riley Sheahan is hit by Jordan Schroeder.
16:07 of 2nd period - Alexei Marchenko is hit by Lane MacDermid and loses puck.
16:12 of 2nd period - Wrist shot by Jordan Schroeder.
16:12 of 2nd period - Deflect By Iiro Pakarinen.
16:12 of 2nd period - Shot Misses the Net.
16:12 of 2nd period - Puck is out of play.
16:13 of 2nd period - Mark Scheifele wins face-off versus Jim O'Brien in Mustangs zone.
16:24 of 2nd period - Slapshot by Brady Skjei.
16:24 of 2nd period - Shot Blocked by Alex Killorn.
16:38 of 2nd period - Cameron Gaunce is hit by Beau Bennett and loses puck.
16:46 of 2nd period - Minor Penalty to T.J Galiardi for Holding.
16:47 of 2nd period - Mark Scheifele wins face-off versus Jim O'Brien in Influenza zone.
18:08 of 2nd period - Mathieu Carle is hit by Cameron Gaunce and loses puck.
18:15 of 2nd period - Wrist shot by Jerome Samson.
18:15 of 2nd period - Shot Blocked by Matt Corrente.
18:46 of 2nd period - Penalty to T.J Galiardi is over, T.J Galiardi is back on ice.
19:08 of 2nd period - Off-side.
19:09 of 2nd period - Andreas Athanasiou wins face-off versus Jordan Schroeder in neutral zone.
19:18 of 2nd period - Snap shot by Iiro Pakarinen.
19:18 of 2nd period - Shot Misses the Net.
19:24 of 2nd period - Wrist shot by Joshua Leivo.
19:24 of 2nd period - Stopped by Thomas McCollum with a rebound.
19:34 of 2nd period - Jerome Samson is hit by Mark Olver and loses puck.
19:41 of 2nd period - T.J Galiardi is hit by Rick Schofield and loses puck.
Goals for this period are 2 for Mustangs vs 0 for Influenza.
Shots for this period are 10 for Mustangs vs 10 for Influenza.

3rd period


0:01 of 3rd period - Riley Sheahan wins face-off versus Mark Scheifele in neutral zone.
1:08 of 3rd period - Paul Ladue is hit by Josh Jooris and loses puck.
1:44 of 3rd period - Slapshot by Mathieu Carle.
1:44 of 3rd period - Deflect By Brady Skjei.
1:44 of 3rd period - Stopped by Peter Mannino with a rebound.
1:50 of 3rd period - Snap shot by Teuvo Teravainen.
1:50 of 3rd period - Stopped by Peter Mannino with a rebound.
1:52 of 3rd period - Slapshot by Paul Ladue.
1:52 of 3rd period - Shot Misses the Net.
1:54 of 3rd period - Snap shot by Teuvo Teravainen.
1:54 of 3rd period - Shot Misses the Net.
2:06 of 3rd period - Wrist shot by Justin Williams.
2:06 of 3rd period - Stopped by Thomas McCollum with a rebound.
2:08 of 3rd period - Slapshot by Joshua Leivo.
2:08 of 3rd period - Shot Misses the Net.
2:10 of 3rd period - Slapshot by Cameron Gaunce.
2:10 of 3rd period - Stopped by Thomas McCollum with a rebound.
2:28 of 3rd period - Wrist shot by Alex Killorn.
2:28 of 3rd period - Stopped by Peter Mannino without a rebound.
2:29 of 3rd period - Riley Sheahan wins face-off versus Mark Scheifele in Mustangs zone.
2:56 of 3rd period - Scott Mayfield is hit by Alex Killorn and loses puck.
3:05 of 3rd period - Wrist shot by Eric Wellwood.
3:05 of 3rd period - Stopped by Thomas McCollum without a rebound.
3:06 of 3rd period - Charlie Coyle wins face-off versus Marcus Foligno in Influenza zone.
3:32 of 3rd period - Andreas Athanasiou is hit by Mark Olver and loses puck.
3:41 of 3rd period - Snap shot by Beau Bennett.
3:41 of 3rd period - Shot Misses the Net.
3:43 of 3rd period - Backhand shot by T.J Galiardi.
3:43 of 3rd period - Deflect By Mark Olver.
3:43 of 3rd period - Stopped by Peter Mannino with a rebound.
3:45 of 3rd period - Wrist shot by Mark Olver.
3:45 of 3rd period - Stopped by Peter Mannino without a rebound.
3:46 of 3rd period - Josh Jooris wins face-off versus Mark Scheifele in Mustangs zone.
3:56 of 3rd period - Icing by Mark Scheifele.
3:57 of 3rd period - Riley Sheahan wins face-off versus Mark Scheifele in Influenza zone.
4:28 of 3rd period - Slapshot by Teuvo Teravainen.
4:28 of 3rd period - Shot Blocked by Cameron Gaunce.
4:54 of 3rd period - Slapshot by Mark Pysyk.
4:54 of 3rd period - Stopped by Thomas McCollum without a rebound.
4:55 of 3rd period - Riley Sheahan wins face-off versus Mark Scheifele in Influenza zone.
5:06 of 3rd period - Wrist shot by Riley Sheahan.
5:06 of 3rd period - Shot Misses the Net.
5:08 of 3rd period - Slapshot by Eric Wellwood.
5:08 of 3rd period - Shot Misses the Net.
5:45 of 3rd period - T.J Galiardi is hit by Alexei Marchenko.
6:03 of 3rd period - Snap shot by Brady Skjei.
6:03 of 3rd period - Stopped by Thomas McCollum without a rebound.
6:04 of 3rd period - Andreas Athanasiou wins face-off versus Mark Scheifele in Influenza zone.
6:19 of 3rd period - Slapshot by Matt Corrente.
6:19 of 3rd period - Shot Misses the Net.
6:55 of 3rd period - Snap shot by Marcus Foligno.
6:55 of 3rd period - Shot Blocked by Jordan Schroeder.
6:57 of 3rd period - Snap shot by Andrew Shaw.
6:57 of 3rd period - Goal by Andrew Shaw - Mustangs : 5 - Influenza : 0.
6:58 of 3rd period - Riley Sheahan wins face-off versus Mark Scheifele in neutral zone.
8:24 of 3rd period - Wrist shot by Jeremy Morin.
8:24 of 3rd period - Shot Misses the Net.
8:26 of 3rd period - Wrist shot by Teuvo Teravainen.
8:26 of 3rd period - Goal by Teuvo Teravainen - Mustangs : 5 - Influenza : 1.
8:27 of 3rd period - Riley Sheahan wins face-off versus Alex Killorn in neutral zone.
9:11 of 3rd period - Minor Penalty to Marcus Foligno for Slashing.
9:12 of 3rd period - Charlie Coyle wins face-off versus Riley Sheahan in Mustangs zone.
11:11 of 3rd period - Penalty to Marcus Foligno is over, Marcus Foligno is back on ice.
12:10 of 3rd period - Slapshot by Eric Wellwood.
12:10 of 3rd period - Shot Blocked by Paul Ladue.
12:32 of 3rd period - Mathieu Carle is hit by Marcus Foligno and loses puck.
13:17 of 3rd period - Oskars Bartulis is hit by Alexei Marchenko and loses puck.
13:52 of 3rd period - Off-side.
13:53 of 3rd period - Mark Scheifele wins face-off versus Riley Sheahan in neutral zone.
14:31 of 3rd period - Dmitry Sinitsyn is hit by Joshua Leivo and loses puck.
14:40 of 3rd period - Wrist shot by Joshua Leivo.
14:40 of 3rd period - Shot Blocked by Teuvo Teravainen.
15:20 of 3rd period - Snap shot by Ben Smith.
15:20 of 3rd period - Stopped by Peter Mannino with a rebound.
16:11 of 3rd period - Snap shot by Ben Smith.
16:11 of 3rd period - Stopped by Peter Mannino without a rebound.
16:12 of 3rd period - Mark Scheifele wins face-off versus Rick Schofield in Mustangs zone.
16:13 of 3rd period - Snap shot by Ben Smith.
16:13 of 3rd period - Stopped by Peter Mannino with a rebound.
16:15 of 3rd period - Slapshot by Morgan Rielly.
16:15 of 3rd period - Shot Blocked by Jerome Samson.
16:17 of 3rd period - Wrist shot by Oskars Bartulis.
16:17 of 3rd period - Deflect By Alex Killorn.
16:17 of 3rd period - Stopped by Peter Mannino with a rebound.
16:19 of 3rd period - Snap shot by Mark Scheifele.
16:19 of 3rd period - Shot Misses the Net.
16:21 of 3rd period - Slapshot by Morgan Rielly.
16:21 of 3rd period - Shot Blocked by Cameron Gaunce.
16:23 of 3rd period - Snap shot by Alex Killorn.
16:23 of 3rd period - Shot Blocked by Jerome Samson.
16:23 of 3rd period - Jerome Samson from Mustangs is injured at 16:23 of 3rd period (Broken Right Foot Toe).
16:24 of 3rd period - Riley Sheahan wins face-off versus Mark Scheifele in Mustangs zone.
17:06 of 3rd period - Joshua Leivo is hit by Charlie Coyle and loses puck.
17:17 of 3rd period - Slapshot by Cameron Gaunce.
17:17 of 3rd period - Stopped by Thomas McCollum without a rebound.
17:18 of 3rd period - Jim O'Brien wins face-off versus Mark Olver in Influenza zone.
17:35 of 3rd period - Dmitry Sinitsyn is hit by Marcus Foligno and loses puck.
17:36 of 3rd period - Dmitry Sinitsyn from Influenza is injured at 17:36 of 3rd period (Left Foot).
17:37 of 3rd period - Mark Scheifele wins face-off versus Eric Wellwood in Influenza zone.
18:41 of 3rd period - Wrist shot by T.J Galiardi.
18:41 of 3rd period - Stopped by Peter Mannino with a rebound.
19:09 of 3rd period - Off-side.
19:10 of 3rd period - Riley Sheahan wins face-off versus Mark Scheifele in neutral zone.
19:13 of 3rd period - Alex Killorn is hit by Eric Wellwood and loses puck.
19:43 of 3rd period - Slapshot by Denis Bodrov.
19:43 of 3rd period - Stopped by Thomas McCollum with a rebound.
Goals for this period are 1 for Mustangs vs 1 for Influenza.
Shots for this period are 8 for Mustangs vs 11 for Influenza.